 Seeded DCSS version 0.26.1-10-gdfb7c7de75 (webtiles) character file.

Game seed: 13435453013147752700 (custom seed)

424 wilfster70 the Chiller (level 6, 0/44 HPs)
             Began as a Gnoll Ice Elementalist on Apr 9, 2021.
             Was an Initiate of Ashenzari.
             Succumbed to a killer bee's poison
             ... on level 4 of the Dungeon.
             The game lasted 00:06:45 (3075 turns).

wilfster70 the Chiller (Gnoll Ice Elementalist)     Turns: 3075, Time: 00:06:46

Health: 0/44       AC:  3    Str:  7 (10) XL:     6   Next: 96%
Magic:  12/14      EV: 14    Int: 17 (20) God:    Ashenzari [......]
Gold:   198        SH:  0    Dex: 13 (15) Spells: 11/15 levels left

rFire    + . .     SeeInvis .   a - +0 spear
rCold    . . .     Faith    .   (no shield)
rNeg     . . .     Spirit   .   b - +0 leather armour
rPois    .         Reflect  .   (no helmet)
rElec    .         Harm     .   (no cloak)
rCorr    .         Rampage  .   (no gloves)
Will     .....                  (no boots)
Stlth    ++........             (no amulet)
HPRegen  0.14/turn              f - ring of protection from fire
MPRegen  0.14/turn              (no ring)

@: mighty, brilliant, lethally poisoned (0 -> -19)
A: distributed training, fangs 1, strong nose
a: Renounce Religion, Curse Item


You were on level 4 of the Dungeon.
You worshipped Ashenzari.
Ashenzari was noncommittal.
You visited 1 branch of the dungeon, and saw 4 of its levels.

You collected 198 gold pieces.

Inventory:

Hand Weapons
 a - a +0 spear (weapon)
Missiles
 m - 24 poisoned darts
Armour
 b - a +0 leather armour (worn)
Jewellery
 f - a ring of protection from fire (left hand)
Wands
 t - a wand of random effects (13)
Scrolls
 c - 2 scrolls of teleportation {unknown}
 h - a scroll of fear {unknown}
 i - a scroll of random uselessness {unknown}
 j - 3 scrolls of identify {unknown}
 k - a scroll of amnesia {unknown}
 l - a scroll of enchant weapon {unknown}
 n - 2 scrolls of magic mapping {unknown}
 u - a scroll of remove curse
 v - a scroll of blinking {unknown}
Potions
 d - a potion of haste {unknown}
 e - 2 potions of might
 g - a potion of mutation {unknown}
 o - 2 potions of degeneration
 p - a potion of lignification {unknown}
 q - a potion of cancellation {unknown}
 r - a potion of flight {unknown}
 s - a potion of brilliance


   Skills:
 + Level 2.2 Fighting
 + Level 2.2 Short Blades
 + Level 2.2 Long Blades
 + Level 2.2 Axes
 + Level 2.2 Maces & Flails
 + Level 2.2 Polearms
 + Level 2.2 Staves
 + Level 2.2 Slings
 + Level 2.2 Bows
 + Level 2.2 Crossbows
 + Level 2.2 Throwing
 + Level 2.2 Armour
 + Level 5.1 Dodging
 + Level 4.7 Stealth
 + Level 2.2 Shields
 + Level 2.2 Unarmed Combat
 + Level 5.4 Spellcasting
 + Level 1.7 Conjurations
 + Level 1.7 Hexes
 + Level 1.7 Summonings
 + Level 1.7 Necromancy
 + Level 1.7 Translocations
 + Level 1.7 Transmutations
 + Level 1.7 Fire Magic
 + Level 7.3 Ice Magic
 + Level 1.7 Air Magic
 + Level 1.7 Earth Magic
 + Level 1.7 Poison Magic
 + Level 2.4 Invocations
 + Level 2.2 Evocations


You had 11 spell levels left.
You knew the following spells:

 Your Spells              Type           Power        Failure   Level
a - Freeze                Ice            100%         1%          1
b - Frozen Ramparts       Ice            88%          3%          3

Your spell library contained the following spells:

 Spells                   Type           Power        Failure   Level
 Ozocubu's Armour         Ice            44%          3%          3
 Magic Dart               Conj           64%          10%         1
 Blink                    Tloc           N/A          14%         2
 Call Imp                 Summ           16%          14%         2
 Slow                     Hex            16%          14%         2
 Conjure Flame            Conj/Fire      16%          28%         3
 Mephitic Cloud           Conj/Pois/Air  16%          28%         3
 Hailstorm                Conj/Ice       30%          30%         4
 Summon Ice Beast         Ice/Summ       30%          30%         4


Dungeon Overview and Level Annotations

Branches:
Dungeon (4/15)
 Temple: D:4-7

Altars:
Ashenzari
Hepliaklqana
Nemelex Xobeh
Okawaru


Innate Abilities, Weirdness & Mutations

Your experience applies equally to all skills.
You have very sharp teeth.
Your uncanny sense of smell can sniff out nearby items.


Message History

The frozen ramparts melt away as you move.
A killer bee comes into view.
* * * LOW HITPOINT WARNING * * *
You feel sick.
The killer bee buzzes angrily.
* * * LOW HITPOINT WARNING * * *
You feel sick.
It was a potion of might.
You feel very mighty all of a sudden.
* * * LOW HITPOINT WARNING * * *
You feel sick.
The killer bee buzzes angrily.
The killer bee stings you!
* * * LOW HITPOINT WARNING * * *
You are more poisoned.
The killer bee poisons you! The killer bee closely misses you.
It was a potion of degeneration.
There was something very wrong with that liquid.
You feel weakened.
You feel dopey.
You feel clumsy.
You die...

#..# #.# . ##..##...
#.. #......# ...
#...##...# #.# #
#...###.## #.#
8###.......# #.#
.###.#.##### #.#
._#..#.# #######y#
.##..#.. .....yy@#
8##.############.# ∆
#...##########.#
###..............#
......##..>..........#
#...##################
#...# #####


You could see 3 killer bees.

Vanquished Creatures
  A scorpion (D:4)
  3 killer bees (D:4)
  An orc priest (D:4)
  2 orc wizards
  Ijyb (D:3)
  3 gnolls (D:2)
  4 adders
  2 worms
  2 dart slugs (D:2)
  2 leopard geckos
  4 orcs
  2 ball pythons
  5 bats
  2 giant cockroaches
  5 goblins
  4 hobgoblins
  6 jackals
  9 kobolds
  A quokka (D:3)
  3 frilled lizards
  7 rats
69 creatures vanquished.

Notes
Turn   | Place    | Note
-------+----------+-------------------------------------------
     0 | D:1      | wilfster70 the Gnoll Ice Elementalist began the quest for
                  | the Orb.
     0 | D:1      | Reached XP level 1. HP: 13/13 MP: 6/6
    63 | D:1      | Found a broken altar of Ashenzari.
    67 | D:1      | Became a worshipper of Ashenzari the Shackled
   286 | D:1      | Reached XP level 2. HP: 19/19 MP: 7/7
   825 | D:1      | Reached XP level 3. HP: 18/25 MP: 6/9
   829 | D:1      | Learned a level 3 spell: Frozen Ramparts
  1007 | D:2      | Reached skill level 5 in Spellcasting
  1165 | D:2      | Reached skill level 1 in Invocations
  1293 | D:2      | Reached skill level 1 in Fighting
  1293 | D:2      | Reached skill level 1 in Short Blades
  1293 | D:2      | Reached skill level 1 in Long Blades
  1293 | D:2      | Reached skill level 1 in Axes
  1293 | D:2      | Reached skill level 1 in Maces & Flails
  1293 | D:2      | Reached skill level 1 in Polearms
  1293 | D:2      | Reached skill level 1 in Staves
  1293 | D:2      | Reached skill level 1 in Slings
  1293 | D:2      | Reached skill level 1 in Bows
  1293 | D:2      | Reached skill level 1 in Crossbows
  1293 | D:2      | Reached skill level 1 in Throwing
  1293 | D:2      | Reached skill level 1 in Armour
  1293 | D:2      | Reached skill level 1 in Shields
  1293 | D:2      | Reached skill level 1 in Unarmed Combat
  1293 | D:2      | Reached skill level 1 in Evocations
  1443 | D:2      | Reached XP level 4. HP: 20/32 MP: 11/11
  1888 | D:2      | Reached skill level 1 in Conjurations
  1888 | D:2      | Reached skill level 1 in Hexes
  1888 | D:2      | Reached skill level 1 in Summonings
  1888 | D:2      | Reached skill level 1 in Necromancy
  1888 | D:2      | Reached skill level 1 in Translocations
  1888 | D:2      | Reached skill level 1 in Transmutations
  1888 | D:2      | Reached skill level 1 in Fire Magic
  1888 | D:2      | Reached skill level 1 in Air Magic
  1888 | D:2      | Reached skill level 1 in Earth Magic
  1888 | D:2      | Reached skill level 1 in Poison Magic
  2369 | D:3      | Noticed Ijyb
  2383 | D:3      | Killed Ijyb
  2384 | D:3      | Reached XP level 5. HP: 33/37 MP: 6/12
  2572 | D:3      | Found a sparkling altar of Nemelex Xobeh.
  3010 | D:4      | Found an iron altar of Okawaru.
  3028 | D:4      | Reached XP level 6. HP: 42/44 MP: 9/13
  3029 | D:4      | Reached skill level 5 in Dodging
  3039 | D:4      | Found a hazy altar of Hepliaklqana.
  3074 | D:4      | HP: 1/44 [killer bee (7)]
  3075 | D:4      | Succumbed to a killer bee's poison

Illustrated notes

Levels and vault maps discovered:
D:1:      giann_forest_graveyard, layout_rooms, serial_curves, eino_curves_03,
          eino_curves_03, hangedman_abyss_or_decor_stabs,
          nicolae_ashenzari_panopticon
D:2:      layout_rooms
D:3:      layout_basic, chequers_decorated_corner, nemelex_spade_bored_becter,
          uniq_ijyb
D:4:      layout_loops_ring, nicolae_overflow_hidden_temple, okawaru_gym_becter

Skill      XL: |  1  2  3  4  5  6 |
---------------+-------------------+-----
Spellcasting   | 5 |  5.4
Invocations    | 1 2 |  2.4
Fighting       | 1 2 |  2.2
Short Blades   | 1 2 |  2.2
Long Blades    | 1 2 |  2.2
Axes           | 1 2 |  2.2
Maces & Flails | 1 2 |  2.2
Polearms       | 1 2 |  2.2
Staves         | 1 2 |  2.2
Slings         | 1 2 |  2.2
Bows           | 1 2 |  2.2
Crossbows      | 1 2 |  2.2
Throwing       | 1 2 |  2.2
Armour         | 1 2 |  2.2
Shields        | 1 2 |  2.2
Unarmed Combat | 1 2 |  2.2
Evocations     | 1 2 |  2.2
Conjurations   | 1 |  1.7
Hexes          | 1 |  1.7
Summonings     | 1 |  1.7
Necromancy     | 1 |  1.7
Translocations | 1 |  1.7
Transmutations | 1 |  1.7
Fire Magic     | 1 |  1.7
Air Magic      | 1 |  1.7
Earth Magic    | 1 |  1.7
Poison Magic   | 1 |  1.7
Dodging        | 5 |  5.1
Stealth        | |  4.7
Ice Magic      | |  7.3

Action                   |  1- 3 |  4- 6 || total
-------------------------+-------+-------++-------
Melee: Short sword       |    38 |    24 ||    62
       Bite              |     4 |     1 ||     5
       Spear             |       |    28 ||    28
 Cast: Freeze            |    24 |     2 ||    26
       Frozen Ramparts   |     2 |    14 ||    16
  Use: Potion            |       |     3 ||     3
 Stab: Sleeping          |     5 |     1 ||     6
Armor: Leather armour    |    13 |    12 ||    25
Dodge: Dodged            |    44 |    39 ||    83
